Map: Purity and Industry LE

Players

prospeKt

  • Race: Zerg Zerg
  • League: Platinum
  • Spawn Location: 3:00

VOD

Have the link to the VOD?

Description

Time

  • Played on: May 26, 2020, 10:59 a.m.
  • Length: 6:40
Show
View Real Time Build Order
Export as new Build Order

prospeKt Zerg 

Build Orders:  

Get SALT Encoding   

  12  0:01  Drone  
  13  0:17  Overlord  
  13  0:28  Drone  
  14  0:44  Drone x2  
  16  0:53  Drone  
  17  1:16  Hatchery  
  16  1:20  Drone  
  16  1:27  Drone  
  18  1:34  Drone  
  19  1:51  Spawning Pool  
  19  1:53  Drone  
  19  2:05  Drone  
  20  2:18  Extractor  
  20  2:19  Drone  
  20  2:35  Drone  
  21  2:51  Drone  
  22  3:00  Drone  
  23  3:10  Drone  
  23  3:12  Queen  
  23  3:13  Queen  
  23  3:16  Overlord  
  28  3:26  Overlord  
  28  3:51  Drone  
  28  3:52  Drone x3  
  32  4:00  Hatchery  
  32  4:09  Drone x2  
  33  4:20  Overlord  
  33  4:22  Drone  
  33  4:29  Overlord  
  34  4:41  Drone  
  34  4:45  Drone  
  34  4:49  Drone x3  
  39  4:51  Drone  
  39  4:52  Overlord, Drone  
  39  4:54  Drone  
  42  5:05  Overlord  
  42  5:17  Extractor  
  41  5:23  Drone x2, Extractor  
  41  5:24  Drone  
  41  5:26  Extractor  
  42  5:33  Drone  
  43  5:53  Drone  
  43  5:54  Drone x5  
  49  6:03  Roach Warren  
  49  6:09  Evolution Chamber  
  47  6:10  Drone x3  
  50  6:21  Drone x3  
Tags
 
Add a new tag
Caveats
  • Supply blocks, unpowered buildings, or Contaminate may cause inaccurate times.
  • Supply counts are checked every 10 seconds.